 Dungeon Crawl Stone Soup version 0.28.0 (webtiles) character file.

Game seed: 4868220151220312782

4358 bande the Cleaver (level 10, -4/60 HPs)
             Began as a Gargoyle Fighter on Feb 12, 2022.
             Was a Priest of Okawaru.
             Slain by a red ugly thing (15 damage)
             ... on level 8 of the Dungeon.
             The game lasted 00:17:06 (9906 turns).

bande the Cleaver (Gargoyle Fighter)                Turns: 9906, Time: 00:17:07

Health: -4/60      AC: 23    Str: 22    XL:     10   Next: 34%
Magic:  13/13      EV:  6    Int: 10    God:    Okawaru [***...]
Gold:   509        SH: 12    Dex: 13    Spells: 9/9 levels left

rFire   . . .      SeeInvis +   z - +8 hand axe "Spiderslayer" {freeze, rC+ Str+3}
rCold   + . .      Faith    .   w - +2 kite shield
rNeg    + + +      Spirit   .   B - +4 chain mail of Entitlement {Contam rN+ SInv}
rPois   ∞          Reflect  .   (no helmet)
rElec   +          Harm     .   (no cloak)
rCorr   .          Rampage  .   A - +0 pair of gloves
Will    +....                   (no boots)
Stlth   ..........              (no amulet)
HPRegen 0.20/turn               u - ring of willpower
MPRegen 0.13/turn               r - ring of positive energy

@: mighty
A: sickness immunity, AC +7, negative energy resistance 1, electricity
resistance, torment resistance 1, petrification resistance
a: Renounce Religion, Heroism


You were on level 8 of the Dungeon.
You worshipped Okawaru.
Okawaru was most pleased with you.
You visited 2 branches of the dungeon, and saw 9 of its levels.

You collected 509 gold pieces.

Inventory:

Hand Weapons
 a - a +0 war axe
 g - a +0 war axe
 q - a +0 flail
 z - the +8 hand axe "Spiderslayer" (weapon) {freeze, rC+ Str+3}
   (You found it on level 7 of the Dungeon)

   It freezes those it strikes, dealing additional cold damage.
   It can also slow down cold-blooded creatures.
   Str:       It affects your strength (+3).
   rC:        It protects you from cold.
Missiles
 y - 2 throwing nets (quivered)
Armour
 w - a +2 kite shield (worn)
 A - a +0 pair of gloves (worn)
 B - the +4 chain mail of Entitlement (worn) {Contam rN+ SInv}
   (You found it on level 8 of the Dungeon)

   rN:        It protects you from negative energy.
   SInv:      It lets you see invisible.
   Contam:    It causes magical contamination when unequipped.
Jewellery
 r - a ring of positive energy (right hand)
 u - a ring of willpower (left hand)
Wands
 i - a wand of flame (15)
 p - a wand of charming (8)
 s - a wand of acid (9)
Scrolls
 c - a scroll of silence
 j - a scroll of teleportation
 k - 3 scrolls of amnesia
 n - a scroll of magic mapping
 o - a scroll of holy word
 v - a scroll of fear {unknown}
Potions
 b - a potion of degeneration {unknown}
 e - 2 potions of flight {unknown}
 f - a potion of ambrosia {unknown}
 h - a potion of heal wounds
 l - a potion of lignification {unknown}
 m - a potion of brilliance {unknown}
 t - a potion of haste {unknown}
 x - 2 potions of curing {unknown}


   Skills:
 + Level 6.3 Fighting
 + Level 8.2 Axes
 + Level 8.2 Armour
 + Level 6.8 Shields
 * Level 4.3 Invocations
 * Level 4.2 Evocations


You had 9 spell levels left.
You didn't know any spells.
Your spell library contained the following spells:

 Spells                   Type           Power      Damage    Failure   Level
 Foxfire                  Conj/Fire      0%         2x1d4     100%        1
 Ensorcelled Hibernation  Hex/Ice        0%         N/A       100%        2
 Passwall                 Tmut/Erth      0%         N/A       100%        2
 Conjure Flame            Conj/Fire      0%         6-21      100%        3
 Dazzling Flash           Conj/Hex       0%         N/A       100%        3
 Inner Flame              Hex/Fire       0%         N/A       100%        3
 Portal Projectile        Hex/Tloc       0%         N/A       100%        3
 Stone Arrow              Conj/Erth      0%         3d7       100%        3
 Swiftness                Air            0%         N/A       100%        3
 Flame Wave               Conj/Fire      0%         2d4       100%        4
 Iskenderun's Mystic Bla  Conj/Tloc      0%         2d3       100%        4
 Leda's Liquefaction      Hex/Erth       0%         N/A       100%        4
 Agony                    Necr           0%         N/A       100%        5
 Silence                  Hex/Air        0%         N/A       100%        5
 Starburst                Conj/Fire      0%         6d3       100%        6
 Lehudib's Crystal Spear  Conj/Erth      0%         10d2      100%        8
 Call Canine Familiar     Summ           Unusable   N/A       N/A         3
 Animate Armour           Summ/Erth      Unusable   N/A       N/A         4

Dungeon Overview and Level Annotations

Branches:
Dungeon (8/15)             Temple (1/1) D:6            Lair (0/6) D:8

Altars:
Ashenzari
Cheibriados
Dithmenos
Elyvilon
Fedhas
Hepliaklqana
Kikubaaqudgha
Makhleb
Nemelex Xobeh
Okawaru
Qazlal
Ru
Sif Muna
Trog
Yredelemnul
The Shining One

Shops:
D:3 [   D:6 :

Annotations:
D:8 growler's ghost, novice TeAE


Innate Abilities, Weirdness & Mutations

You are immune to sickness and miasma.
Your stone body is resilient. (AC +7)
You are immune to poison.
You resist negative energy. (rN+)
You are resistant to electric shocks. (rElec)
You are resistant to unholy torment.
You are immune to petrification.


Message History

The boulder beetle is almost dead.
The boulder beetle barely misses you.
You hit the boulder beetle but do no damage.
The boulder beetle is almost dead.
The boulder beetle bites you but does no damage.
You hit the boulder beetle but do no damage.
The boulder beetle is almost dead.
The boulder beetle bites you but does no damage.
You hit the boulder beetle but do no damage.
The boulder beetle is almost dead.
You block the boulder beetle's attack.
You hit the boulder beetle but do no damage.
The boulder beetle is almost dead.
The boulder beetle leaps!
You slash the boulder beetle! You freeze the boulder beetle.
You kill the boulder beetle!
Okawaru is honoured by your kill.
Okawaru will now gift you ammunition as you gain piety.
You start resting.
You start resting.
You start resting.
HP restored.
You see here a +0 halberd.
The red ugly thing gurgles horribly!
Could not explore, unopened runed door.
Press: ? - help, v - describe, . - travel
Here: growler's ghost (fire blocked by a translucent stone wall)
The floor.
You feel very mighty all of a sudden.
You open the door.
Growler's ghost waves its arms in wide circles.
The air twists around and strikes you! The red ugly thing headbutts you!
You are engulfed in flames!!
* * * LOW HITPOINT WARNING * * *
You slash the red ugly thing! You freeze the red ugly thing.
The red ugly thing is moderately wounded.
The red ugly thing headbutts you.
* * * LOW HITPOINT WARNING * * *
You are engulfed in flames!
You die...

#######....#........
###.................##
#............#......#
#............#......##
#............#......).
##...........#.......)
#.......[..........))
#.............##..###
#...@....)...###.## #
#.##u##.....###..# #
#.#"W.###...##..#####
#.#.?.###.####.....#.
#.#..$#..............
#.#####..###.........
##...#...###.........
##..##...............
#...##.#####.........


You could see a red ugly thing and growler's ghost.

Vanquished Creatures
  A boulder beetle (D:8)
  6 yaks (D:7)
  A steam dragon (D:7)
  2 water moccasins
  An orc warrior (D:8)
  A black bear (D:7)
  An ice beast (D:7)
  2 sky beasts
  A necrophage (D:7)
  3 ogres
  3 centaurs
  A phantom (D:4)
  A kobold brigand (D:8)
  2 bullfrogs
  2 scorpions (D:5)
  A water moccasin skeleton (D:3)
  A howler monkey (D:6)
  A centaur zombie (D:4)
  5 hounds
  5 orc priests
  2 gnoll shamans
  3 jellies
  Terence (D:3)
  2 iguanas
  4 orc wizards
  A howler monkey skeleton (D:5)
  11 adders
  11 gnolls
  An ufetubus (D:5)
  An adder skeleton (D:4)
  4 worms
  4 dart slugs
  31 orcs
  7 endoplasms
  A giant cockroach (D:2)
  3 goblins
  4 hobgoblins
  2 jackals (D:4)
  13 kobolds
  5 quokkas
  4 ball pythons
  3 bats
  4 frilled lizards
  5 rats
168 creatures vanquished.

Vanquished Creatures (others)
  A fungus (D:5)
1 creature vanquished.

Grand Total: 169 creatures vanquished

Notes
Turn   | Place    | Note
-------+----------+-------------------------------------------
     0 | D:1      | bande the Gargoyle Fighter began the quest for the Orb.
     0 | D:1      | Reached XP level 1. HP: 14/14 MP: 1/1
   216 | D:1      | Reached XP level 2. HP: 14/19 MP: 2/2
  1022 | D:2      | Reached XP level 3. HP: 18/24 MP: 3/3
  1136 | D:2      | Found a faded altar of an unknown god.
  1398 | D:2      | Reached XP level 4. HP: 21/29 MP: 4/4
  2323 | D:3      | Reached XP level 5. HP: 3/33 MP: 5/5
  2784 | D:3      | Found a shadowy altar of Dithmenos.
  2836 | D:3      | Noticed Terence
  2847 | D:3      | Killed Terence
  2875 | D:3      | Reached XP level 6. HP: 34/38 MP: 6/6
  3088 | D:3      | Found Yzuefira's Antique Armour Shoppe.
  3224 | D:4      | Found a sparkling altar of Nemelex Xobeh.
  3250 | D:4      | Found a stormy altar of Qazlal.
  3267 | D:4      | Reached skill level 5 in Armour
  3767 | D:4      | Reached XP level 7. HP: 14/44 MP: 7/7
  4231 | D:4      | Found an ancient bone altar of Kikubaaqudgha.
  4336 | D:4      | Found a burning altar of Makhleb.
  4337 | D:4      | Found a glowing golden altar of the Shining One.
  4341 | D:4      | Found a blossoming altar of Fedhas.
  4409 | D:5      | Entered Level 5 of the Dungeon
  4460 | D:5      | Reached skill level 5 in Axes
  5178 | D:5      | Reached XP level 8. HP: 48/48 MP: 8/8
  5339 | D:5      | Found a white marble altar of Elyvilon.
  5584 | D:5      | Reached skill level 5 in Shields
  5760 | D:5      | Reached skill level 1 in Evocations
  6049 | D:6      | Reached skill level 5 in Fighting
  6285 | D:6      | Found Jaoteb's Book Boutique.
  6646 | D:6      | Found a staircase to the Ecumenical Temple.
  6656 | Temple   | Entered the Ecumenical Temple
  6692 | Temple   | Became a worshipper of Warmaster Okawaru
  6938 | D:7      | Reached skill level 1 in Invocations
  7077 | D:7      | Reached XP level 9. HP: 38/54 MP: 8/10
  7436 | D:7      | Identified the +8 hand axe "Spiderslayer" {freeze, rC+
                  | Str+3}
  7488 | D:7      | Reached * piety under Okawaru
  8073 | D:7      | Reached ** piety under Okawaru
  8505 | D:8      | Reached XP level 10. HP: 48/60 MP: 12/12
  8675 | D:8      | Identified the +4 chain mail of Entitlement {Contam rN+
                  | SInv}
  8711 | D:8      | Found a runed translucent door.
  8712 | D:8      | Noticed a boulder beetle
  8719 | D:8      | HP: 1/60 [orc priest/divine providence (9)]
  8901 | D:8      | Found a staircase to the Lair.
  9494 | D:8      | Noticed a red ugly thing
  9494 | D:8      | Noticed growler's ghost (novice TeAE)
  9669 | D:8      | Killed a boulder beetle
  9669 | D:8      | Reached *** piety under Okawaru
  9906 | D:8      | Slain by a red ugly thing

Illustrated notes

Levels and vault maps discovered:
D:1:      onia_arrival_pentagram, layout_loops_ring
D:2:      layout_rooms, dreamdust_ecumenical_altar_hidden_monk_grotto
D:3:      layout_rooms, nicolae_dithmenos_shadow_blocks, serial_shops, shop,
          supply_closet_lemuel, uniq_terence
D:4:      layout_rooms, minitemple, nicolae_qazlal_scattered_showers,
          amcnicky_altar_gilded, kennysheep_doodads
D:5:      layout_gridville, elyvilon_altar_1
D:6:      layout_rooms, minmay_temple_entry_trees, serial_shops, shop_fountains,
          minivault_22
D:7:      layout_rooms
D:8:      layout_rooms, lair_entry_dummy, ebering_ghost_inner_flame,
          minmay_misc_feat_hallway
Temple:   nicolae_temple_hex_pool

Skill      XL: |  1  2  3  4  5  6  7  8  9 10 |
---------------+-------------------------------+-----
Axes           | 2 3 4 5 6 7 8 |  8.2
Armour         | 4 5 6 7 8 |  8.2
Fighting       | 4 5 6 |  6.3
Shields        | 4 5 6 |  6.8
Evocations     | 2 3 4 |  4.2
Invocations    | 1 3 4 |  4.3

Action                   |  1- 3 |  4- 6 |  7- 9 | 10-12 || total
-------------------------+-------+-------+-------+-------++-------
Melee: Hand axe          |    71 |   163 |   242 |    69 ||   545
  Use: Scroll            |     2 |     3 |     6 |     1 ||    12
       Potion            |       |       |       |     3 ||     3
Armor: Scale mail        |    25 |       |       |       ||    25
       Chain mail        |     2 |    98 |   149 |    32 ||   281
Dodge: Dodged            |    28 |    48 |    69 |    10 ||   155
Block: Buckler           |    12 |    31 |       |       ||    43
       Kite shield       |       |    20 |   148 |    42 ||   210
